 Dungeon Crawl Stone Soup version 0.30-a0-782-ge64f9170bb (console) character file.

Game seed: 14062160585560048515

139 utis the Trooper (level 5, -2/32 HPs)
             Began as a Tengu Wanderer on Feb 25, 2023.
             Slain by an ice beast (8 damage)
             ... on level 5 of the Dungeon.
             The game lasted 00:05:52 (2138 turns).

utis the Trooper (Tengu Wanderer)                   Turns: 2138, Time: 00:05:53

Health: -2/32      AC: 11    Str: 11    XL:     5   Next: 22%
Magic:  7/7        EV:  6    Int: 10    God:
Gold:   183        SH:  0    Dex: 19    Spells: 6/6 levels left

rFire   . . .      SeeInvis .    a - +2 falchion
rCold   . . .      Faith    .    (no shield)
rNeg    . . .      Spirit   .    l - +0 chain mail
rPois   .          Reflect  .    c - +0 hat
rElec   .          Harm     .    p - +1 cloak
rCorr   .          Rampage  .    (no gloves)
Will    .....                    (boots unavailable) Stlth
                                 (no amulet)
HPRegen 0.25/turn                (no ring)
MPRegen 0.10/turn                (no ring)

@: flying quickly and evasively, quick
A: beak, talons 3, nimble flight
a: no special abilities


You were on level 5 of the Dungeon.
You visited 1 branch of the dungeon, and saw 5 of its levels.

You collected 183 gold pieces.

Inventory:

Hand Weapons
 a - a +2 falchion (weapon)
 b - a +0 quarterstaff
 r - a +0 trident
Missiles
 g - 9 boomerangs (quivered)
Armour
 c - a +0 hat (worn)
 e - a +0 robe
 h - a +2 robe of willpower
 l - a +0 chain mail (worn)
 o - a +0 cloak
 p - a +1 cloak (worn)
Scrolls
 i - a scroll of silence {unknown}
 j - 3 scrolls of magic mapping
 m - 2 scrolls of vulnerability {unknown}
 s - 2 scrolls of amnesia {unknown}
 t - a scroll of teleportation {unknown}
Potions
 d - a potion of lignification
 f - 2 potions of attraction
 k - 3 potions of mutation {!q}
 n - a potion of degeneration {unknown}
 q - a potion of curing {unknown}


   Skills:
 * Level 3.4 Fighting
 - Level 2.1 Long Blades
 - Level 2.1 Staves
 - Level 1.0 Throwing
 + Level 2.5 Armour
 + Level 2.5 Dodging
 - Level 2.0 Stealth
 - Level 1.0 Spellcasting


You had 6 spell levels left.
You didn't know any spells.
Your spell library was empty.

Dungeon Overview and Level Annotations

Branches:
Dungeon (6/15)
 Temple: D:4-7

Altars:


Innate Abilities, Weirdness & Mutations

You have a beak for a mouth.
You have claws for feet.
Your magical nature lets you fly swiftly and evasively.


Message History

You barely miss the ice beast.
You claw the ice beast, but do no damage.
Your peck misses the ice beast.
The ice beast is lightly wounded.
The ice beast hits you but does no damage.
Okay, then.
Unknown command.
You slash the ice beast! You claw the ice beast.
The ice beast is moderately wounded.
The ice beast hits you but does no damage. x2
You hit the ice beast but do no damage. You claw the ice beast.
The ice beast is heavily wounded.
The ice beast hits you but does no damage.
You hit the ice beast.
The ice beast is severely wounded.
The ice beast barely misses you.
You hit the ice beast but do no damage. You claw the ice beast.
Your peck misses the ice beast.
The ice beast is severely wounded.
The ice beast hits you but does no damage.
You barely miss the ice beast. You claw the ice beast. You peck the ice beast.
The ice beast is almost dead.
The ice beast hits you but does no damage.
You barely miss the ice beast.
You claw the ice beast, but do no damage.
The ice beast is almost dead.
The ice beast hits you. The ice beast freezes you!
* * * LOW HITPOINT WARNING * * *
The ice beast hits you but does no damage.
You hit the ice beast but do no damage.
You claw the ice beast, but do no damage.
The ice beast is almost dead.
The ice beast hits you but does no damage.
You closely miss the ice beast.
You peck the ice beast, but do no damage.
The ice beast is almost dead.
The ice beast hits you.
* * * LOW HITPOINT WARNING * * *
The ice beast freezes you!
You die...

░░░
...
░.░
░.░
░Q░
░Y░
..░
░░░░


You could see an ice beast.

Vanquished Creatures
  Jessica (D:2)
  2 adders (D:2)
  3 gnolls (D:2)
  A worm (D:2)
  A dart slug (D:2)
  An orc (D:2)
  3 ball pythons
  4 endoplasms
  2 giant cockroaches
  2 goblins
  4 hobgoblins
  6 jackals
  4 quokkas
  4 bats
  6 frilled lizards
  9 kobolds
  6 rats
59 creatures vanquished.

Vanquished Creatures (others)
  27 plants (D:2)
  2 withered plants (D:1)
29 creatures vanquished.

Grand Total: 88 creatures vanquished

Notes
Turn   | Place    | Note
-------+----------+-------------------------------------------
     0 | D:1      | utis the Tengu Wanderer began the quest for the Orb.
     0 | D:1      | utis set off with the following items: a +2 falchion, a +0
                  | quarterstaff, a +0 hat, a potion of lignification, a +0
                  | robe.
     0 | D:1      | Reached XP level 1. HP: 12/12 MP: 3/3
   197 | D:1      | Reached skill level 1 in Dodging
   244 | D:1      | Reached XP level 2. HP: 16/16 MP: 4/4
   505 | D:1      | Found a faded altar of an unknown god.
   510 | D:1      | Reached skill level 2 in Fighting
   857 | D:2      | Reached XP level 3. HP: 21/21 MP: 5/5
  1050 | D:2      | Noticed Jessica
  1053 | D:2      | Killed Jessica
  1054 | D:2      | Reached XP level 4. HP: 25/27 MP: 6/6
  1147 | D:2      | Reached skill level 3 in Fighting
  1341 | D:2      | Gained mutation: Your magical nature lets you fly swiftly
                  | and evasively. [Tengu growth]
  1341 | D:2      | Reached XP level 5. HP: 32/32 MP: 7/7
  2120 | D:3      | You are sucked into a shaft and drop 3 floors!
  2125 | D:6      | Noticed an ice beast
  2128 | D:5      | Entered Level 5 of the Dungeon
  2138 | D:5      | Slain by an ice beast

Illustrated notes

Levels and vault maps discovered:
D:1:      dpeg_arrival_round_b, layout_basic,
          ebering_ecumenical_altar_petrified, minmay_misc_feat_secret_circle
D:2:      layout_loops_ring, serial_bayou_lagoon_a, minmay_strange_pillars,
          uniq_jessica
D:3:      layout_loops_ring, nicolae_overflow_ecumenical_swirl,
          gammafunk_ghost_necromancy
D:5:      gammafunk_cloud_chamber, layout_loops_cross, kennysheep_mini_moat,
          kennysheep_mini, marbit_many_paths, uniq_edmund, uniq_eustachio
D:6:      layout_basic, lemuel_mausoleum_altar_kikubaaqudgha, lemuel_tele_altar,
          mainiacjoe_overflow_swirl, feat_on_display

Skill      XL: |  1  2  3  4 |
---------------+-------------+-----
Dodging        | 1 2 |  2.5
Fighting       | 2 3 |  3.4
Armour         | 2 |  2.5
Long Blades    | |  2.1
Staves         | |  2.1
Throwing       | |  1.0
Stealth        | |  2.0
Spellcasting   | |  1.0

Action                     |  1- 3 |  4- 6 || total
---------------------------+-------+-------++-------
  Melee: Falchion          |    58 |    64 ||   122
         Kick              |    13 |    20 ||    33
         Peck              |     7 |    12 ||    19
  Throw: Boomerang         |       |     1 ||     1
    Use: Scroll            |     1 |     2 ||     3
 Armour: Robe              |     5 |       ||     5
         Chain mail        |    47 |    36 ||    83
  Dodge: Dodged            |    18 |     7 ||    25

Table legend: (Time is in decaauts)
 A = Elapsed time spent in this place.
 B = Non-inter-level travel time spent in this place.
 C = Inter-level travel time spent in this place.
 D = Time resting spent in this place.
 E = Time spent auto-exploring this place.
 F = Levels seen in this place.
 G = Mean time per level.
                   A        B        C        D        E       F      G
               +--------+--------+--------+--------+--------+-----+--------+
         Total |   2097 |   2049 |     48 |    199 |   1325 |   5 |  419.4 |
       Dungeon |   2097 |   2049 |     48 |    199 |   1325 |   5 |  419.4 |
               +--------+--------+--------+--------+--------+-----+--------+

Top non-repeatable levels by time:
     D:2: 887 daAuts
     D:1: 845 daAuts
     D:3: 345 daAuts
     D:5: 11 daAuts
     D:6: 7 daAuts
